 Dungeon Crawl Stone Soup version 0.28-a0-1227-ga9037bb4c8 (webtiles) character file.

Game seed: 10990662150242708715

1022 ChaosChampion the Insei (level 8, 0/54 HPs)
             Began as an Octopode Transmuter on Dec 22, 2021.
             Killed by nerve-wracking pain
             ... invoked by Menkaure
              (5 damage)
             ... on level 4 of the Dungeon.
             The game lasted 00:06:33 (5713 turns).

ChaosChampion the Insei (Octopode Transmuter)       Turns: 5713, Time: 00:06:33

Health: 0/54       AC:  0    Str: 10    XL:     8   Next: 22%
Magic:  5/11       EV: 22    Int: 17    God:
Gold:   139        SH:  0    Dex: 17    Spells: 5/11 levels left

rFire   . . .      SeeInvis .     - Unarmed
rCold   . . .      Faith    .   (shield currently unavailable)
rNeg    . . .      Spirit   .   (helmet currently unavailable)
rPois   .          Reflect  .   (no amulet)
rElec   .          Harm     .   (ring currently unavailable)
rCorr   .          Rampage  .   (ring currently unavailable)
Will    .....                   (ring currently unavailable)
Stlth   ++........              (ring currently unavailable)
HPRegen 0.18/turn               (ring currently unavailable)
MPRegen 0.12/turn               (ring currently unavailable)
                                (ring currently unavailable)
                                (ring currently unavailable)

@: bat-form, flying, invisible, very quick
A: fast, flying, no casting, almost no armour, (amphibious), (8 rings), tiny,
(camouflage 1), (gelatinous body 1), (nimble swimmer 1), (tentacles)
a: no special abilities


You were on level 4 of the Dungeon.
You were a bat.
You visited 1 branch of the dungeon, and saw 4 of its levels.

You collected 139 gold pieces.

Inventory:

Missiles
 i - 12 poisoned darts
Jewellery
 a - a +6 ring of strength (melded)
 l - a ring of ice
Wands
 f - a wand of iceblast (12)
Scrolls
 b - 2 scrolls of teleportation {unknown}
 c - a scroll of silence {unknown}
 d - a scroll of holy word {unknown}
 g - a scroll of amnesia {unknown}
 h - a scroll of noise {unknown}
 m - a scroll of fog {unknown}
Potions
 e - 2 potions of invisibility
 j - a potion of lignification {unknown}
 k - a potion of curing {unknown}


   Skills:
 + Level 4.4 Fighting
 + Level 4.7 Dodging
 * Level 6.9 Unarmed Combat
 - Level 2.0 Spellcasting
 - Level 2.0 Transmutations
 - Level 3.0 Poison Magic


You had 5 spell levels left.
You knew the following spells:

 Your Spells              Type           Power      Damage    Failure   Level
a - Beastly Appendage     Tmut           16%        N/A       9%          1
b - Wereblood             Tmut           8%         N/A       13%         2
c - Spider Form           Tmut/Pois      10%        N/A       21%         3

Your spell library contained the following spells:

 Spells                   Type           Power      Damage    Failure   Level
 Ice Form                 Ice/Tmut       5%         N/A       77%         4


Dungeon Overview and Level Annotations

Branches:
Dungeon (4/15)
 Temple: D:4-7

Altars:
Makhleb

Annotations:
D:4 Eustachio, Menkaure, Robin


Innate Abilities, Weirdness & Mutations

You are a bat.
You are tiny and dextrous.
You move quickly.
You are flying.
Your equipment is almost entirely melded.
You are incapable of wielding weapons or throwing items.
You cannot cast spells.
You cannot wear most types of armour.
((You are amphibious.))
((You can wear up to eight rings at the same time.))
((Your skin changes colour to match your surroundings (Stealth+).))
((Your rubbery body absorbs attacks. (AC +1, EV +1)))
((You are camouflaged when in or above water. (Stealth+)))
((You have tentacles for arms and can constrict up to eight enemies at once.))


Message History

You feel weaker. Menkaure casts a spell at you. Pain shoots through your body!
Robin hits you from afar with a +0 spear!
The ball python's grasp on you weakens, but your attempt to escape fails.
The ball python misses you. The ball python constricts you.
* * * LOW HITPOINT WARNING * * *
Robin throws the goblin at you!
* * * LOW HITPOINT WARNING * * *
The ball python misses you. The ball python constricts you.
* * * LOW HITPOINT WARNING * * *
You barely miss the ball python.
An orc comes into view. It is wielding a +0 hand axe.
The goblin hits you with a +0 dagger.
* * * LOW HITPOINT WARNING * * *
Eustachio says, "Summoning is fun!"
The ball python misses you. The ball python constricts you.
* * * LOW HITPOINT WARNING * * *
Okay, then.
It was a potion of invisibility.
You fade into invisibility!
Your primal bloodlust is almost over.
Robin hits you from afar with a +0 spear!
* * * LOW HITPOINT WARNING * * *
Menkaure closely misses you. The hobgoblin closely misses you.
The ball python closely misses you. The ball python constricts you.
* * * LOW HITPOINT WARNING * * *
The goblin closely misses you.
You escape the ball python's grasp.
You squeak as the wereblood boils in your veins!
Eustachio mumbles some strange words.
The goblin no longer looks unusually strong.
Robin roars a battlecry!
The goblin goes into a battle-frenzy!
Eustachio gestures wildly while chanting.
Eustachio blinks!
Your primal bloodlust has ended.
There is a stone staircase leading up here.
Menkaure gestures at you while chanting.
Pain shoots through your body!
You die...

############
#..........#
#..b.......#########
#...........).......
#..........#########
#..........#
#..........#
#.....M....#
######.##### #g# #.#


You could see Menkaure (fast) and a hobgoblin.

Vanquished Creatures
  Pikel (D:4)
  Sigmund (D:2)
  Edmund (D:4)
  A scorpion (D:4)
  A howler monkey (D:4)
  A centaur zombie (D:3)
  An orc wizard (D:3)
  Terence (D:2)
  A hound skeleton (D:4)
  6 adders
  4 dart slugs
  7 orcs
  2 ball pythons
  4 bats
  6 endoplasms
  A giant cockroach (D:2)
  14 goblins
  6 hobgoblins
  3 jackals (D:2)
  8 kobolds
  A quokka (D:2)
  6 frilled lizards
  9 rats
86 creatures vanquished.

Notes
Turn   | Place    | Note
-------+----------+-------------------------------------------
     0 | D:1      | ChaosChampion the Octopode Transmuter began the quest for
                  | the Orb.
     0 | D:1      | Reached XP level 1. HP: 13/13 MP: 3/3
   388 | D:1      | Reached XP level 2. HP: 15/18 MP: 3/5
   784 | D:1      | Found a faded altar of an unknown god.
  1313 | D:2      | Reached XP level 3. HP: 19/23 MP: 4/6
  1551 | D:2      | Noticed Sigmund
  1576 | D:2      | Learned a level 2 spell: Wereblood
  1580 | D:2      | Learned a level 3 spell: Spider Form
  3323 | D:2      | Killed Sigmund
  3324 | D:2      | Reached skill level 4 in Unarmed Combat
  3324 | D:2      | Reached XP level 4. HP: 15/30 MP: 4/7
  3324 | D:2      | Reached XP level 5. HP: 19/36 MP: 4/8
  3623 | D:2      | Noticed Terence
  3630 | D:2      | Killed Terence
  3631 | D:2      | Reached skill level 5 in Unarmed Combat
  3631 | D:2      | Reached XP level 6. HP: 29/41 MP: 5/9
  3638 | D:2      | Reached skill level 1 in Poison Magic
  4291 | D:3      | Found a burning altar of Makhleb.
  5364 | D:4      | Noticed Edmund
  5383 | D:4      | Killed Edmund
  5384 | D:4      | Reached XP level 7. HP: 10/46 MP: 5/10
  5667 | D:4      | Noticed Pikel
  5678 | D:4      | Identified the +3 helmet "Hangav" {Slay+4}
  5678 | D:4      | Noticed Robin
  5680 | D:4      | Killed Pikel
  5681 | D:4      | Reached skill level 6 in Unarmed Combat
  5681 | D:4      | Reached XP level 8. HP: 48/54 MP: 2/11
  5683 | D:4      | Noticed Menkaure
  5691 | D:4      | Noticed Eustachio
  5713 | D:4      | Killed from afar by Menkaure

Illustrated notes

Levels and vault maps discovered:
D:1:      nzn_arrival_depleted_hourglass, layout_basic,
          hellmonk_ecumenical_altar_lost_god,
          nicolae_concentric_dashed_squares_mild, minmay_distorted
D:2:      minmay_razor_zed, layout_basic, uniq_terence, uniq_sigmund
D:3:      layout_loops_corners, bloody_makhleb, serial_co_window_serial,
          co_window_of_opportunity_a, co_window_corner_a, co_window_paths_a,
          co_window_corner_a, co_window_corner_a, co_window_corner_b,
          co_window_of_opportunity_b, co_window_broadway_a, co_window_cross_3,
          co_window_corner_ca, co_window_paths_c, co_window_4corner_b,
          glass_columns_a, glass_columns_c, glass_columns_c
D:4:      layout_rooms, uniq_robin, uniq_pikel, uniq_menkaure, uniq_edmund,
          uniq_eustachio

Skill      XL: |  1  2  3  4  5  6  7 |
---------------+----------------------+-----
Fighting       | 2 3 4 |  4.4
Dodging        | 3 4 |  4.7
Unarmed Combat | 4 5 6 |  6.9
Poison Magic   | 3 |  3.0
Spellcasting   | |  2.0
Transmutations | |  2.0

Action                   |  1- 3 |  4- 6 |  7- 9 || total
-------------------------+-------+-------+-------++-------
Melee: Unarmed           |    96 |    76 |    32 ||   204
       Constrict         |    23 |     7 |       ||    30
       Tentacles         |     8 |     5 |       ||    13
       Kick              |    14 |       |       ||    14
 Cast: Beastly Appendage |    16 |       |       ||    16
       Wereblood         |     3 |     3 |     2 ||     8
       Spider Form       |     2 |     9 |     2 ||    13
  Use: Potion            |       |       |     1 ||     1
 Stab: Sleeping          |     4 |     4 |       ||     8
       Distracted        |       |     1 |       ||     1
Armor: Skin              |     4 |     3 |    16 ||    23
Dodge: Dodged            |    51 |    61 |    24 ||   136

Table legend: (Time is in decaauts)
 A = Elapsed time spent in this place.
 B = Non-inter-level travel time spent in this place.
 C = Inter-level travel time spent in this place.
 D = Time resting spent in this place.
 E = Time spent auto-exploring this place.
 F = Levels seen in this place.
 G = Mean time per level.
                   A        B        C        D        E       F      G
               +--------+--------+--------+--------+--------+-----+--------+
         Total |   5679 |   5541 |    138 |   1854 |   2919 |   4 | 1419.8 |
       Dungeon |   5679 |   5541 |    138 |   1854 |   2919 |   4 | 1419.8 |
               +--------+--------+--------+--------+--------+-----+--------+

Top non-repeatable levels by time:
     D:2: 2201 daAuts
     D:1: 1801 daAuts
     D:3: 1334 daAuts
     D:4: 342 daAuts
